 Dungeon Crawl Stone Soup version 0.31-a0-152-g6aa68a64a1 (webtiles) character file.

Game seed: 8135399183944168093

1479 qw the Skirmisher (level 8, -3/78 HPs)
             Began as a Minotaur Hunter on June 9, 2023.
             Was an Initiate of Okawaru.
             Slain by a white imp (4 damage)
             ... summoned by Eustachio
             ... on level 6 of the Dungeon.
             The game lasted 00:01:59 (4206 turns).

qw the Skirmisher (Minotaur Hunter)                 Turns: 4206, Time: 00:01:59

Health: -3/78      AC:  6    Str: 16    XL:     8   Next: 50%
Magic:  7/7        EV: 12    Int:  6    God:    Okawaru [......]
Gold:   201        SH:  5    Dex: 16    Spells: 7/7 levels left

rFire   . . .        Y - +0 shortbow
rCold   . . .        (shield currently unavailable)
rNeg    . . .        b - +0 ring mail
rPois   .            (helmet restricted)
rElec   .            (no cloak)
rCorr   +            f - +0 pair of gloves
SInv    .            (no boots)
Will    .....        n - amulet of reflection
Stlth   +            e - ring of resist corrosion
HPRegen 0.33/turn    (no ring)
MPRegen 0.10/turn

%: reflection
@: no status effects
A: horns 2, retaliatory headbutt
a: Renounce Religion


You were on level 6 of the Dungeon.
You worshipped Okawaru.
Okawaru was noncommittal.
You visited 2 branches of the dungeon, and saw 7 of its levels.

You collected 240 gold pieces.
You spent 39 gold pieces at shops.


Innate Abilities, Weirdness & Mutations

You have a pair of horns on your head.
You reflexively headbutt those who attack you in melee.


   Skills:
 - Level 9.0 Fighting
 + Level 9.0 Ranged Weapons
 - Level 2.0 Armour
 - Level 3.4 Dodging
 - Level 0.7 Stealth


You had 7 spell levels left.
You didn't know any spells.
Your spell library was empty.

Inventory:

Hand Weapons
 g - a +1 sling of flaming
 Y - a +0 shortbow (weapon)
Armour
 b - a +0 ring mail (worn)
 f - a +0 pair of gloves (worn)
Jewellery
 e - a ring of resist corrosion (left hand)
 n - an amulet of reflection (around neck)
Scrolls
 a - a scroll of identify
Potions
 c - a potion of haste {unknown}
 j - a potion of might
 m - 2 potions of cancellation

Dungeon Overview and Level Annotations

Branches:
Dungeon (6/15)             Temple (1/1) D:5

Altars:
Ashenzari
Cheibriados
Dithmenos
Elyvilon
Fedhas
Hepliaklqana
Kikubaaqudgha
Nemelex Xobeh
Okawaru
Ru
Sif Muna
Trog
Uskayaw
Wu Jian
Xom
Zin

Shops:
D:1 !

Annotations:
D:6 Eustachio


Message History

Eustachio closely misses you. You block the river rat's attack.
The river rat closely misses you. The white imp gestures at you.
The puff of frost hits you!
4200 ||| DRINKING potion of heal wounds.
You feel much better. You block Eustachio's attack. The river rat misses you.
You furiously retaliate!
You headbutt the river rat! The river rat closely misses you.
The white imp barely misses you. You furiously retaliate!
You headbutt the white imp. You shoot an arrow.
The arrow hits the river rat but does no damage.
The river rat is almost dead.
You block Eustachio's attack.
The river rat bites you but does no damage.
The river rat closely misses you. You furiously retaliate!
You headbutt the river rat! The white imp hits you. The white imp freezes you.
You shoot an arrow. The arrow closely misses the river rat.
Eustachio hits you with a +0 rapier. The river rat barely misses you.
You block the river rat's attack.
The white imp hits you but does no damage.
You shoot an arrow. The arrow hits the river rat!
You kill the river rat!
The river rat's corpse disappears in a puff of smoke!
Eustachio gestures wildly while chanting.
Eustachio blinks!
The river rat bites you.
The white imp hits you but does no damage.
You shoot an arrow. The arrow misses Eustachio.
Eustachio hits you with a +0 rapier. The river rat bites you!
The white imp barely misses you.
You shoot an arrow. The arrow misses Eustachio.
Eustachio gestures wildly while chanting.
The river rat bites you! The white imp gestures at you.
The puff of frost hits you.
You shoot an arrow. The arrow hits Eustachio.
Eustachio is severely wounded.
Eustachio barely misses you. The river rat barely misses you.
The white imp hits you. The white imp freezes you.
You die...

#.# #.# #.# ######.. #
#......####### .#
#.......###.# #.#.###.....#
#.#.###.5.###
#.#....@r5..##
########.#...5@.....#
###......).#.#####..).#
......!##..#.#.r@..#.......
......$.#..#.#...#.#......#
......).#./#.###.#.#....#.#
........#..#....<..#....# .
.....(..#..#########....#
......).#.......... .....


You could see Eustachio, a river rat (summoned), 2 white imps and an ufetubus
(summoned).

Vanquished Creatures
  A two-headed ogre (D:6)
  Sigmund (D:1)
  An ogre (D:6)
  2 scorpions
  A jelly (D:5)
  2 howler monkeys (D:5)
  An orc priest (D:3)
  2 hounds (D:5)
  Ijyb (D:4)
  An iguana (D:4)
  Natasha (twice) (D:2)
  An orc wizard (D:6)
  3 gnolls (D:5)
  7 adders
  An ufetubus (D:6)
  4 worms
  A dart slug (D:3)
  7 orcs
  10 endoplasms
  3 giant cockroaches
  11 goblins
  8 hobgoblins
  4 jackals (D:5)
  4 kobolds
  4 quokkas
  8 ball pythons
  8 bats
  2 frilled lizards
  9 rats
110 creatures vanquished.

Notes
Turn   | Place    | Note
-------+----------+-------------------------------------------
     0 | D:1      | qw the Minotaur Hunter began the quest for the Orb.
     0 | D:1      | Reached XP level 1. HP: 18/18 MP: 0/0
     0 | D:1      | 0 ||| qw: Version: 0.2-a-122-g1db1318
     0 | D:1      | 0 ||| qw: Game counter: 3237
     0 | D:1      | 0 ||| qw: Always use a shield: true
     0 | D:1      | 0 ||| qw: God list: Okawaru
     0 | D:1      | 0 ||| qw: Allow faded altars: false
     0 | D:1      | 0 ||| qw: Do Orc after D:15 true
     0 | D:1      | 0 ||| qw: Do second Lair branch before Depths: true
     0 | D:1      | 0 ||| qw: Lair rune preference: random
     0 | D:1      | 0 ||| qw: Plans: Normal
     0 | D:1      | 0 ||| PLANNING D:1-11
   124 | D:1      | Reached XP level 2. HP: 25/25 MP: 1/1
   450 | D:1      | Reached skill level 3 in Fighting
   585 | D:1      | Found Plog's Distillery.
   592 | D:1      | Reached XP level 3. HP: 31/31 MP: 2/2
   601 | D:1      | 601 ||| SHOPLISTING 2 potions of mutation (208 gold, have
                  | 79).
   601 | D:1      | 601 ||| BUYING potion of curing (39 gold).
   601 | D:1      | Bought a potion of curing for 39 gold pieces
   601 | D:1      | 601 ||| SHOPLISTING potion of haste (130 gold, have 40).
   601 | D:1      | 601 ||| SHOPLISTING potion of heal wounds (65 gold, have
                  | 40).
   601 | D:1      | 601 ||| SHOPLISTING potion of might (52 gold, have 40).
   601 | D:1      | 601 ||| SHOPLISTING potion of mutation (104 gold, have 40).
   700 | D:1      | 700 ||| UPGRADING to ring of resist corrosion.
   701 | D:1      | 701 ||| READING 2 scrolls labelled MOSCHO CENUVA.
   702 | D:1      | 702 ||| READING scroll labelled LASUSCH DOMI.
   703 | D:1      | 703 ||| DRINKING 2 ruby potions.
   704 | D:1      | 704 ||| DROPPING scroll of butterflies.
   705 | D:1      | 705 ||| DROPPING potion of invisibility.
   739 | D:2      | Noticed Sigmund
   748 | D:2      | 748 ||| FLEEEEING.
   749 | D:2      | 749 ||| STAIRDANCE
   800 | D:2      | 800 ||| STAIRDANCE
   802 | D:1      | 802 ||| DRINKING potion of curing.
   802 | D:1      | 802 ||| (to cure confusion)
   810 | D:1      | HP: 3/31 [something (5)]
   813 | D:1      | HP: 1/31 [something (3)]
   814 | D:1      | Killed Sigmund
   815 | D:1      | Reached XP level 4. HP: 2/38 MP: 3/3
   815 | D:1      | Reached XP level 5. HP: 2/45 MP: 4/4
   977 | D:2      | 977 ||| STAIRDANCE
  1081 | D:2      | 1081 ||| FLEEEEING.
  1082 | D:2      | 1082 ||| FLEEEEING.
  1083 | D:2      | 1083 ||| FLEEEEING.
  1084 | D:2      | 1084 ||| FLEEEEING.
  1085 | D:2      | 1085 ||| FLEEEEING.
  1365 | D:2      | Noticed Natasha
  1377 | D:2      | Killed Natasha
  1414 | D:2      | 1414 ||| UPGRADING to +0 ring mail.
  1424 | D:2      | 1424 ||| DROPPING +0 leather armour.
  1425 | D:2      | 1425 ||| UPGRADING to amulet of reflection.
  1430 | D:2      | 1430 ||| READING scroll labelled BEPLOA PUDACET.
  1431 | D:2      | 1431 ||| READING 2 scrolls labelled YLAISK RAOSAXT.
  1532 | D:2      | 1532 ||| READING scroll labelled DOL ALYF PUA.
  1533 | D:2      | 1533 ||| READING 4 scrolls of identify.
  1533 | D:2      | 1533 ||| IDENTIFYING sedimented coppery potion
  1534 | D:2      | 1534 ||| READING 3 scrolls of identify.
  1534 | D:2      | 1534 ||| IDENTIFYING blue potion
  1535 | D:2      | 1535 ||| READING 2 scrolls of identify.
  1535 | D:2      | 1535 ||| IDENTIFYING fuming dark potion
  1536 | D:2      | 1536 ||| DROPPING potion of brilliance.
  1537 | D:2      | 1537 ||| DROPPING scroll of silence.
  1547 | D:2      | Noticed Natasha
  1556 | D:2      | Killed Natasha
  1557 | D:2      | Reached skill level 1 in Armour
  1557 | D:2      | Reached XP level 6. HP: 43/52 MP: 5/5
  2017 | D:3      | You fall into a shaft and drop 3 floors!
  2088 | D:6      | 2088 ||| UPGRADING to +0 pair of gloves.
  2098 | D:6      | 2098 ||| DRINKING 2 puce potions.
  2145 | D:6      | 2145 ||| DROPPING potion of lignification.
  2154 | D:5      | Entered Level 5 of the Dungeon
  2222 | D:5      | Reached XP level 7. HP: 60/60 MP: 6/6
  2257 | D:5      | Found a sparkling altar of Nemelex Xobeh.
  2286 | D:5      | 2286 ||| READING scroll labelled MUELIJU DAAM.
  2400 | D:3      | Found a faded altar of an unknown god.
  2660 | D:3      | 2660 ||| READING scroll labelled ANISYMA HARUIL.
  3015 | D:4      | Noticed Ijyb
  3059 | D:4      | Killed Ijyb
  3121 | D:4      | HP: 15/61 [poisoned by a scorpion]
  3126 | D:4      | HP: 12/61 [poisoned by a scorpion]
  3502 | D:4      | 3502 ||| READING scroll labelled QUONEREMEY.
  3503 | D:4      | 3503 ||| READING scroll labelled GOENIL IVOJ.
  3504 | D:4      | 3504 ||| READING 2 scrolls of identify.
  3504 | D:4      | 3504 ||| IDENTIFYING silvery potion
  3505 | D:4      | 3505 ||| DROPPING potion of attraction.
  3572 | D:5      | Reached skill level 9 in Ranged Weapons
  3657 | D:5      | Reached skill level 3 in Dodging
  3843 | D:5      | Found a staircase to the Ecumenical Temple.
  3844 | D:5      | 3844 ||| PLANNING TEMPLE
  3863 | D:5      | 3863 ||| READING 3 scrolls of identify.
  3863 | D:5      | 3863 ||| IDENTIFYING murky dark potion
  3864 | D:5      | 3864 ||| READING 2 scrolls of identify.
  3864 | D:5      | 3864 ||| IDENTIFYING fuming orange potion
  3865 | D:5      | 3865 ||| DROPPING potion of berserk rage.
  3879 | Temple   | Entered the Ecumenical Temple
  3879 | Temple   | Found a transporter.
  3879 | Temple   | Found a transporter.
  3881 | Temple   | Found a transporter.
  3881 | Temple   | Found a transporter.
  3891 | Temple   | 3891 ||| PLANNING D:1-11
  3906 | Temple   | 3906 ||| PLANNING OKAWARU WORSHIP
  3910 | Temple   | Became a worshipper of Warmaster Okawaru
  3910 | Temple   | 3910 ||| PLANNING D:1-11
  4142 | D:6      | Noticed Eustachio
  4142 | D:6      | Noticed a two-headed ogre
  4153 | D:6      | Killed a two-headed ogre
  4154 | D:6      | Reached skill level 9 in Fighting
  4154 | D:6      | Reached XP level 8. HP: 62/78 MP: 7/7
  4157 | D:6      | 4157 ||| Stepping ~*~*~tactically~*~*~ (outnumbered).
  4190 | D:6      | 4190 ||| FLEEEEING.
  4191 | D:6      | 4191 ||| FLEEEEING.
  4192 | D:6      | 4192 ||| FLEEEEING.
  4199 | D:6      | HP: 15/78 [white imp/puff of frost[Eustachio] (12)]
  4200 | D:6      | 4200 ||| DRINKING potion of heal wounds.
  4204 | D:6      | HP: 19/78 [Eustachio/+0 rapier (3)]
  4205 | D:6      | HP: 4/78 [river rat[Eustachio] (8)]
  4205 | D:6      | HP: 1/78 [white imp/puff of frost[Eustachio] (3)]
  4206 | D:6      | Slain by a white imp

Levels and vault maps discovered:
D:1:      minmay_arrival_checkered_box, layout_basic, serial_shops,
          nicolae_shop_industrial_runoff
D:2:      layout_rooms, minmay_small_reverse_x, uniq_natasha, uniq_sigmund
D:3:      layout_loops_ring, dreamdust_ecumenical_altar_grove
D:4:      layout_cave_pods, uniq_ijyb
D:5:      layout_basic, mainiacjoe_overflow_cross_hatched,
          minmay_temple_entry_glassed_door
D:6:      minmay_opposing_rooms, layout_basic,
          gammafunk_temple_overflow_elements, uniq_eustachio, uniq_duvessa
Temple:   hellmonk_temple_divided_pantheon

Skill      XL: |  1  2  3  4  5  6  7 |
---------------+----------------------+-----
Ranged Weapons | 5 7 8 9 |  9.0
Fighting       | 3 4 9 |  9.0
Armour         | 1 2 |  2.0
Dodging        | 3 |  3.4
Stealth        | |  0.7

Action                     |  1- 3 |  4- 6 |  7- 9 || total
---------------------------+-------+-------+-------++-------
   Fire: Shortbow          |    68 |   183 |   187 ||   438
    Use: Scroll            |     2 |     6 |     7 ||    15
         Potion            |     2 |     1 |     1 ||     4
 Armour: Leather armour    |     6 |     5 |       ||    11
         Ring mail         |       |     9 |    49 ||    58
  Dodge: Dodged            |     5 |    28 |   101 ||   134
  Block: Other             |       |    10 |    39 ||    49
         Reflection        |       |     1 |     1 ||     2

Table legend:
 A = Non-vault XP
 B = Vault XP
 C = Vault XP percentage of total XP
 D = Non-vault monster count
 E = Vault monster count
 F = Vault count percentage of total count
                 A         B        C        D         E       F
            +---------+---------+-------+---------+---------+-------
      Total |    1796 |     317 |  15.0 |     103 |       7 |   6.4
            +---------+---------+-------+---------+---------+-------
        D:1 |      42 |     223 |  84.2 |      26 |       1 |   3.7
        D:2 |      89 |      56 |  38.6 |      22 |       5 |  18.5
        D:3 |     123 |       0 |   0.0 |      23 |       0 |   0.0
        D:4 |     133 |      38 |  22.2 |       9 |       1 |  10.0
        D:5 |     411 |       0 |   0.0 |      16 |       0 |   0.0
        D:6 |     998 |       0 |   0.0 |       7 |       0 |   0.0
            +---------+---------+-------+---------+---------+-------
